 Dungeon Crawl Stone Soup version 0.29-a0-219-g0a02b1cf4f (webtiles) character file.

Game seed: 12779194966227292564

13821 Inarius the Cleaver (level 11, -25/81 HPs)
             Began as a Demonspawn Fighter on Feb 25, 2022.
             Was a Priest of Nemelex Xobeh.
             Annihilated by a white ugly thing (35 damage)
             ... on level 11 of the Dungeon.
             The game lasted 00:18:38 (13791 turns).

Inarius the Cleaver (Demonspawn Fighter)           Turns: 13791, Time: 00:18:39

Health: -25/81     AC: 20    Str: 20    XL:     11   Next: 80%
Magic:  17/17      EV:  3    Int: 10    God:    Nemelex Xobeh [***...]
Gold:   1470       SH:  0    Dex: 13    Spells: 10/10 levels left

rFire   . . .      SeeInvis +   a - +0 war axe
rCold   . . .      Faith    .   O - +0 tower shield
rNeg    + . .      Spirit   .   c - +0 plate armour
rPois   .          Reflect  +   g - +0 helmet
rElec   .          Harm     .   P - +0 cloak
rCorr   .          Rampage  .   p - +0 pair of gloves
Will    .....                   (no boots)
Stlth   ..........              t - amulet of reflection
HPRegen 0.23/turn               Q - ring of see invisible
MPRegen 0.15/turn               l - ring of positive energy

@: confused, lethally poisoned (-25 -> -46)
A: hooves 2, slimy green scales 2, demonic guardian 1, ignite blood 1
a: Renounce Religion, Draw Escape, Draw Destruction, Draw Summoning, Triple Draw


You were on level 11 of the Dungeon.
You worshipped Nemelex Xobeh.
Nemelex Xobeh was most pleased with you.
You visited 2 branches of the dungeon, and saw 12 of its levels.
You also visited: Ossuary.

You collected 1470 gold pieces.

Inventory:

Hand Weapons
 a - a +0 war axe (weapon)
 m - a +1 dagger of venom
 u - a +4 mace of draining
 L - a +1 hand axe of flaming
Armour
 c - a +0 plate armour (worn)
 g - a +0 helmet (worn)
 p - a +0 pair of gloves (worn)
 H - a +0 chain mail
 J - a +1 ring mail of fire resistance
 O - a +0 tower shield (worn)
 P - a +0 cloak (worn)
Jewellery
 l - a ring of positive energy (right hand)
 n - an amulet of guardian spirit
 s - a +6 ring of dexterity
 t - an amulet of reflection (around neck)
 Q - a ring of see invisible (left hand)
 S - a ring of fire
Wands
 b - a wand of mindburst (3)
 E - a wand of flame (16)
 M - a wand of paralysis (2)
 N - a wand of charming (6)
Scrolls
 e - 3 scrolls of enchant armour
 f - 2 scrolls of brand weapon {unknown}
 q - a scroll of fog
 y - a scroll of vulnerability
 B - a scroll of enchant weapon {unknown}
 C - a scroll of blinking {unknown}
 F - 2 scrolls of amnesia {unknown}
 G - 3 scrolls of teleportation
 K - 3 scrolls of immolation
 R - 3 scrolls of acquirement {unknown}
 U - a scroll of identify
Potions
 d - 2 potions of might
 h - a potion of invisibility {unknown}
 i - 2 potions of resistance
 j - 3 potions of degeneration {unknown}
 k - 2 potions of heal wounds
 o - a potion of ambrosia {unknown}
 v - 4 potions of mutation
 w - 2 potions of brilliance
 x - a potion of magic {unknown}
 z - 7 potions of curing
 A - 3 potions of lignification {unknown}
 D - a potion of attraction {unknown}
 I - a potion of cancellation {unknown}
 T - a potion of berserk rage {unknown}
Miscellaneous
 r - a lightning rod (inert)


   Skills:
 + Level 5.9 Fighting
 * Level 12.4 Axes
 + Level 7.0 Armour
 + Level 7.8 Shields
 * Level 8.8 Invocations
 + Level 2.6 Evocations


You had 10 spell levels left.
You didn't know any spells.
Your spell library contained the following spells:

 Spells                   Type           Power      Damage    Failure   Level
 Apportation              Tloc           0%         N/A       100%        1
 Magic Dart               Conj           0%         1d3       100%        1
 Call Imp                 Summ           0%         N/A       100%        2
 Sublimation of Blood     Necr           0%         N/A       100%        2
 Wereblood                Tmut           0%         N/A       100%        2
 Mephitic Cloud           Conj/Pois/Air  0%         N/A       100%        3
 Petrify                  Tmut/Erth      0%         N/A       100%        4
 Alistair's Intoxication  Tmut/Pois      0%         N/A       100%        5
 Irradiate                Conj/Tmut      0%         3d13      100%        5
 Summon Hydra             Summ           0%         N/A       100%        7


Dungeon Overview and Level Annotations

Branches:
Dungeon (11/15)            Temple (1/1) D:4            Lair (0/6) D:8
Ossuary (visited)
    Orc: D:9-12

Altars:
Kikubaaqudgha
Nemelex Xobeh
Okawaru
Qazlal
Sif Muna
Vehumet
Xom
Yredelemnul
Zin
The Shining One

Annotations:
D:3 3 runed translucent doors, graymark's ghost, weakling OpCj


Innate Abilities, Weirdness & Mutations

You have hoof-like feet.
You are mostly covered in slimy green scales. (AC +3)
A weak demonic guardian rushes to your aid.
Your demonic aura sometimes causes spilled blood to erupt in flames.


Message History

You draw a card...
You have drawn Degeneration.
The yak evaporates and reforms as a cane toad!
The cane toad twists and deforms.
The yak evaporates and reforms as a golden eye!
The golden eye twists and deforms.
You block the white ugly thing's attack.
You block the cane toad's attack.
Unknown command.
Unknown command.
You draw a card...
You have drawn Pain.
Press: ? - help, Shift-Dir - straight line, f/p - white ugly thing
Aim: a white ugly thing (moderately wounded)
The white ugly thing convulses!
The deck of cards disappears without a trace.
You block the cane toad's attack.
The white ugly thing tail-slaps you but does no damage.
Unknown command.
You hit the white ugly thing but do no damage.
You kick the white ugly thing.
The white ugly thing is severely wounded.
You hit the cane toad but do no damage. The golden eye blinks at you.
You are confused.
The cane toad stings you!
You are poisoned.
The cane toad poisons you! The white ugly thing tail-slaps you.
The white ugly thing freezes you!!
You bump into the rock wall.
You feel very sick. The cane toad stings you!
* * * LOW HITPOINT WARNING * * *
A demonic guardian appears!
You are lethally poisoned!
The cane toad poisons you!
The golden eye blinks!
The white ugly thing tail-slaps you.
* * * LOW HITPOINT WARNING * * *
The white ugly thing freezes you!!
You die...
Your body disappears without a glow.

.. .# .# .# .##
.# ยง.#..#
####F....#
#..@u....#
....)4######...
....# ... .


You could see a white ugly thing (ally target), a cane toad (misshapen) and a
friendly hellwing (summoned).

Vanquished Creatures
  Erolcha (D:9)
  Erica (D:9)
  8 two-headed ogres
  An ugly thing (D:10)
  3 trolls
  2 wyverns
  A wraith (D:10)
  4 steam dragons
  A yak (D:11)
  Grum (D:9)
  An acid dragon (D:8)
  3 water moccasins
  5 sky beasts
  An ice beast (D:5)
  2 black bears (D:5)
  5 orc warriors
  A necrophage (D:8)
  4 ogres
  5 centaurs
  2 phantoms
  4 wolves (D:9)
  2 kobold brigands
  5 scorpions
  2 bullfrogs (D:8)
  3 wyvern zombies (D:8)
  4 killer bees (D:9)
  8 wights
  2 howler monkeys
  2 centaur zombies (D:8)
  A human zombie (D:8)
  2 jellies
  2 hounds (D:5)
  3 orc priests
  2 gnoll shamans
  An iguana (D:5)
  3 orc wizards
  3 killer bee zombies (D:8)
  9 mummies
  A howler monkey zombie (D:8)
  24 gnolls
  8 adders
  2 white imps
  An ufetubus (D:7)
  5 worms
  2 dart slugs
  41 orcs
  5 endoplasms
  2 giant cockroaches
  A gnoll zombie (Ossuary)
  14 goblins
  7 hobgoblins
  5 jackals
  8 kobolds
  6 quokkas
  8 ball pythons
  6 bats
  2 frilled lizards
  4 hobgoblin zombies (Ossuary)
  3 kobold zombies (Ossuary)
  6 rats
  3 rat zombies (D:7)
274 creatures vanquished.

Vanquished Creatures (collateral kills)
  Lodul (D:10)
1 creature vanquished.

Vanquished Creatures (others)
  2 yaks (D:11)
  A sky beast (D:10)
  2 bushes (D:10)
5 creatures vanquished.

Grand Total: 280 creatures vanquished

Notes
Turn   | Place    | Note
-------+----------+-------------------------------------------
     0 | D:1      | Inarius the Demonspawn Fighter began the quest for the Orb.
     0 | D:1      | Reached XP level 1. HP: 18/18 MP: 1/1
   198 | D:1      | Reached skill level 2 in Axes
   200 | D:1      | Gained mutation: You are partially covered in slimy green
                  | scales. (AC +2) [demonic ancestry]
   200 | D:1      | Reached XP level 2. HP: 19/24 MP: 2/2
  1092 | D:2      | Reached XP level 3. HP: 28/29 MP: 3/3
  1191 | D:2      | Reached skill level 3 in Axes
  1208 | D:2      | Reached XP level 4. HP: 34/35 MP: 4/4
  1284 | D:2      | Found a faded altar of an unknown god.
  2086 | D:3      | Gained mutation: You have large cloven feet. [demonic
                  | ancestry]
  2086 | D:3      | Reached XP level 5. HP: 11/41 MP: 5/5
  2398 | D:3      | Found a runed translucent gate.
  2398 | D:3      | Found a runed translucent gate.
  2398 | D:3      | Found a runed translucent gate.
  2399 | D:3      | Noticed graymark's ghost (weakling OpCj)
  2792 | D:3      | Reached skill level 4 in Axes
  3222 | D:4      | Found a shimmering blue altar of Sif Muna.
  3713 | D:4      | Found a staircase to the Ecumenical Temple.
  3717 | Temple   | Entered the Ecumenical Temple
  3725 | Temple   | Became a worshipper of Nemelex Xobeh the Trickster
  3793 | D:4      | Found a sand-covered staircase.
  3836 | Ossuary  | Entered an ossuary
  3970 | Ossuary  | Gained mutation: You have hoof-like feet. [demonic
                  | ancestry]
  3970 | Ossuary  | Reached XP level 6. HP: 26/47 MP: 6/6
  4247 | Ossuary  | Reached skill level 5 in Axes
  5587 | D:5      | Entered Level 5 of the Dungeon
  5667 | D:5      | Gained mutation: You are mostly covered in slimy green
                  | scales. (AC +3) [demonic ancestry]
  5667 | D:5      | Reached XP level 7. HP: 48/53 MP: 7/7
  5676 | D:5      | Reached skill level 1 in Invocations
  5974 | D:5      | Reached skill level 6 in Axes
  6086 | D:5      | Reached * piety under Nemelex Xobeh
  6240 | D:5      | Reached skill level 7 in Axes
  6240 | D:5      | Reached XP level 8. HP: 60/60 MP: 9/9
  6435 | D:5      | Received a gift from Nemelex Xobeh
  7152 | D:6      | Reached skill level 8 in Axes
  7889 | D:6      | Gained mutation: Your demonic aura sometimes causes spilled
                  | blood to erupt in flames. [demonic ancestry]
  7889 | D:6      | Reached XP level 9. HP: 63/65 MP: 12/12
  8730 | D:7      | Reached ** piety under Nemelex Xobeh
  8756 | D:7      | Reached skill level 5 in Armour
  8768 | D:7      | Reached skill level 9 in Axes
  9141 | D:7      | Found a shimmering altar of Xom.
  9174 | D:7      | Reached skill level 5 in Invocations
  9392 | D:7      | Found an ancient bone altar of Kikubaaqudgha.
  9795 | D:8      | Found a staircase to the Lair.
  9929 | D:8      | Noticed a two-headed ogre
  9938 | D:8      | Killed a two-headed ogre
  9939 | D:8      | Reached skill level 10 in Axes
  9939 | D:8      | Reached skill level 5 in Shields
  9943 | D:8      | Reached skill level 1 in Evocations
 10014 | D:8      | Reached XP level 10. HP: 73/73 MP: 14/14
 10538 | D:8      | Found a basalt altar of Yredelemnul.
 10913 | D:8      | Identified the +0 helmet of Whack-A-Mole {*Corrode Dex+5}
 10927 | D:8      | Reached skill level 5 in Fighting
 11381 | D:9      | Noticed Grum
 11390 | D:9      | Killed Grum
 11634 | D:9      | Noticed Erica
 11655 | D:9      | Killed Erica
 11656 | D:9      | Reached skill level 11 in Axes
 11859 | D:9      | Noticed Erolcha
 11926 | D:9      | Killed Erolcha
 11952 | D:9      | Received a gift from Nemelex Xobeh
 12276 | D:9      | Found an iron altar of Okawaru.
 12315 | D:10     | Entered Level 10 of the Dungeon
 12315 | D:10     | Reached *** piety under Nemelex Xobeh
 12404 | D:10     | Gained mutation: A weak demonic guardian rushes to your
                  | aid. [demonic ancestry]
 12404 | D:10     | Reached XP level 11. HP: 60/80 MP: 16/16
 12583 | D:10     | Noticed a brown ugly thing
 12629 | D:10     | Noticed a two-headed ogre
 12629 | D:10     | Noticed a two-headed ogre
 12630 | D:10     | Noticed a two-headed ogre
 12630 | D:10     | Noticed a two-headed ogre
 12631 | D:10     | Noticed a two-headed ogre
 12632 | D:10     | Noticed Lodul
 12635 | D:10     | Noticed a two-headed ogre
 12636 | D:10     | Killed a two-headed ogre
 12636 | D:10     | Killed a two-headed ogre
 12637 | D:10     | Killed a two-headed ogre
 12637 | D:10     | Killed a two-headed ogre
 12639 | D:10     | Killed Lodul
 12653 | D:10     | Killed a two-headed ogre
 12654 | D:10     | Reached skill level 12 in Axes
 12658 | D:10     | Killed a two-headed ogre
 12869 | D:10     | Killed a brown ugly thing
 13125 | D:10     | Found a radiant altar of Vehumet.
 13332 | D:10     | Noticed a two-headed ogre
 13345 | D:10     | Killed a two-headed ogre
 13776 | D:11     | Noticed a white ugly thing
 13791 | D:11     | Annihilated by a white ugly thing

Illustrated notes

Levels and vault maps discovered:
D:1:      dpeg_arrival_another_circle, layout_loops_ring,
          minmay_misc_feat_plants
D:2:      layout_basic, basic_altar, basic_ecumenical_altar
D:3:      minmay_inner_zag, layout_basic, gammafunk_ghost_nasty_kobolds
D:4:      kennysheep_the_goblin_king, layout_basic,
          chequers_temple_overflow_statue_of_worship,
          minmay_temple_entry_steel_oval, nicolae_ossuary_entry_monument
D:5:      layout_rooms, hangedman_abyss_or_decor_stabs, corexii_corridor_pit
D:6:      layout_basic
D:7:      layout_gridville, mainiacjoe_overflow_brackets,
          lemuel_zombie_altar_kikubaaqudgha, grunt_decor_fettered
D:8:      layout_cave_pods, lemuel_mausoleum_altar_yredelemnul,
          mainiacjoe_overflow_tiny_flanked, lair_entry_dummy, special_room
          [special_room_orc], corexii_corridor_pit
D:9:      layout_cave_pools, lemuel_coloured_pillars_altar, uniq_erica,
          uniq_grum, uniq_erolcha
D:10:     layout_basic, mainiacjoe_overflow_chevrons, hangedman_misty_isle,
          uniq_lodul
D:11:     layout_rooms, orc_0_dummy
Temple:   dpeg_chambers_temple

Skill      XL: |  1  2  3  4  5  6  7  8  9 10 11 |
---------------+----------------------------------+-----
Axes           | 2 3 4 5 7 8 10 11 12 | 12.4
Armour         | 3 4 5 6 7 |  7.0
Shields        | 3 4 5 6 7 |  7.8
Invocations    | 2 4 5 7 8 |  8.8
Fighting       | 4 5 |  5.9
Evocations     | 1 2 |  2.6

Action                   |  1- 3 |  4- 6 |  7- 9 | 10-12 || total
-------------------------+-------+-------+-------+-------++-------
Melee: War axe           |    59 |   236 |   269 |   311 ||   875
       Kick              |       |    39 |    95 |   113 ||   247
Invok: Draw Destruction  |       |       |     4 |     6 ||    10
Evoke: Wand              |       |       |     8 |    22 ||    30
       Lightning rod     |       |       |       |     5 ||     5
  Use: Scroll            |       |     5 |     1 |     7 ||    13
 Stab: Paralysed         |       |       |     3 |     8 ||    11
Armor: Scale mail        |    38 |    93 |    61 |       ||   192
       Chain mail        |       |       |    51 |    69 ||   120
       Plate armour      |       |       |       |    81 ||    81
Dodge: Dodged            |    28 |   113 |    82 |    24 ||   247
Block: Buckler           |    16 |    98 |   173 |       ||   287
       Reflection        |       |       |     3 |     7 ||    10
       Tower shield      |       |       |     7 |   365 ||   372

Table legend: (Time is in decaauts)
 A = Elapsed time spent in this place.
 B = Non-inter-level travel time spent in this place.
 C = Inter-level travel time spent in this place.
 D = Time resting spent in this place.
 E = Time spent auto-exploring this place.
 F = Levels seen in this place.
 G = Mean time per level.
                   A        B        C        D        E       F      G
               +--------+--------+--------+--------+--------+-----+--------+
         Total |  14040 |  13467 |    573 |   3230 |   7344 |  13 | 1080.0 |
       Dungeon |  13378 |  12805 |    573 |   2833 |   7281 |  11 | 1216.2 |
        Temple |     16 |     16 |      0 |      0 |      0 |   1 |   16.0 |
       Ossuary |    644 |    644 |      0 |    397 |     63 |   1 |  644.0 |
               +--------+--------+--------+--------+--------+-----+--------+

Top non-repeatable levels by time:
     D:3: 1849 daAuts
     D:8: 1682 daAuts
     D:6: 1620 daAuts
     D:4: 1560 daAuts
    D:10: 1469 daAuts
     D:7: 1285 daAuts
     D:5: 1052 daAuts
     D:9: 981 daAuts
     D:2: 927 daAuts
     D:1: 914 daAuts
 Ossuary: 644 daAuts
    D:11: 35 daAuts
  Temple: 16 daAuts
